| TOP OF THE 1ST |
|
Oklahoma State University Cowboys batting - Pitching for Pennsylvania State University Nittany Lions : RHP John Brown
|
|
Pitching: RHP John Brown
|
|
|
Batting: RHB Simon Gravitt
|
0-0: Called Strike 0-1: Ball 1-1: Foul Ball, location: 2F 1-2: Ball 2-2: Ground out 5-3 (Groundball, 56S, EV 71.2 MPH)
|
|
Batting: LHB Dwayne Roche
|
0-0: Swinging Strike 0-1: Ball 1-1: Ball 2-1: Ball 3-1: Called Strike 3-2: Ground out 4-3 (Groundball, 4, EV 78.1 MPH)
|
|
Pitching: RHP Jeremy Webb
|
|
|
Batting: LHB Kyle David
|
0-0: Called Strike 0-1: Foul Ball, location: 2F 0-2: Strikes out swinging
|
| Top of the 1st over - 0 runs, 0 hits, 0 errors, 0 left on base; Oklahoma State University 0 - Pennsylvania State University 0 |
| BOTTOM OF THE 1ST |
|
Pennsylvania State University Nittany Lions batting - Pitching for Oklahoma State University Cowboys : RHP Rich May
|
|
Pitching: RHP Rich May
|
|
|
Batting: RHB James Steinmetz
|
0-0: Called Strike 0-1: Ball 1-1: Called Strike 1-2: Foul Ball, location: 2F 1-2: SINGLE (Groundball, 5D, EV 105.0 MPH)
|
|
Batting: RHB Joe Strachan
|
0-0: Fly out, F8 (Line Drive, 8RM, EV 101.2 MPH)
|
|
Batting: RHB Josh Ebeling
|
0-0: Ball 1-0: Called Strike 1-1: Foul Ball, location: 2F 1-2: Fly out, F7 (Flyball, 7, EV 91.9 MPH)
|
|
Batting: RHB Rob Hinojosa
|
0-0: Fielders Choice at 2nd, 5-4 (Groundball, 56, EV 91.2 MPH)
|
| Bottom of the 1st over - 0 runs, 1 hit, 0 errors, 1 left on base; Oklahoma State University 0 - Pennsylvania State University 0 |
| TOP OF THE 2ND |
|
Oklahoma State University Cowboys batting - Pitching for Pennsylvania State University Nittany Lions : RHP Jeremy Webb
|
|
Batting: LHB Cory Rohr
|
0-0: Called Strike 0-1: Foul Ball, location: 2F 0-2: Ball 1-2: Ball 2-2: Ground out 6-3 (Groundball, 6, EV 91.9 MPH)
|
|
Batting: RHB Jon Guzman
|
0-0: Ball 1-0: Called Strike 1-1: Ball 2-1: Foul Ball, location: 2F 2-2: Foul Ball, location: 2F 2-2: Ball 3-2: Foul Ball, location: 2F 3-2: Fly out, F8 (Flyball, 8LD, EV 91.2 MPH)
|
|
Batting: RHB Rory Cardosi
|
0-0: Ball 1-0: Swinging Strike 1-1: Foul Ball, location: 2F 1-2: Ground out 5-3 (Groundball, 56, EV 76.9 MPH)
|
| Top of the 2nd over - 0 runs, 0 hits, 0 errors, 0 left on base; Oklahoma State University 0 - Pennsylvania State University 0 |
| BOTTOM OF THE 2ND |
|
Pennsylvania State University Nittany Lions batting - Pitching for Oklahoma State University Cowboys : RHP Rich May
|
|
Batting: RHB Pete Martin
|
0-0: Foul Ball, location: 2F 0-1: Ball 1-1: Ball 2-1: Foul Ball, location: 2F 2-2: Strikes out swinging
|
|
Batting: RHB Victor Victorino
|
0-0: Foul Ball, location: 2F 0-1: Foul Ball, location: 2F 0-2: Ball 1-2: Fly out, F5 (Line Drive, 5, EV 68.8 MPH)
|
|
Batting: RHB Guy Jock
|
0-0: Called Strike 0-1: Ball 1-1: Ball 2-1: DOUBLE (Line Drive, 78XD, EV 103.1 MPH)
|
|
Batting: LHB Dan Lape
|
0-0: Reached via error on a dropped throw from 1B, E1 (Groundball, 34S, EV 84.4 MPH) Guy Jock to third
|
|
Batting: RHB Perry Brantley
|
0-0: Ground out 4-3 (Groundball, 4, EV 88.1 MPH)
|
| Bottom of the 2nd over - 0 runs, 1 hit, 1 error, 2 left on base; Oklahoma State University 0 - Pennsylvania State University 0 |
| TOP OF THE 3RD |
|
Oklahoma State University Cowboys batting - Pitching for Pennsylvania State University Nittany Lions : RHP Jeremy Webb
|
|
Batting: RHB Julio Marquez
|
0-0: Called Strike 0-1: Ball 1-1: Foul Ball, location: 2F 1-2: Fly out, F4 (Popup, 4D, EV 66.9 MPH)
|
|
Batting: RHB Bill Tremblett
|
0-0: Ball 1-0: Called Strike 1-1: Fly out, F7 (Flyball, 7D, EV 103.8 MPH)
|
|
Batting: LHB Steve Kimbler
|
0-0: Ball 1-0: Ground out 3-1 (Groundball, 34, EV 100.0 MPH)
|
| Top of the 3rd over - 0 runs, 0 hits, 0 errors, 0 left on base; Oklahoma State University 0 - Pennsylvania State University 0 |
| BOTTOM OF THE 3RD |
|
Pennsylvania State University Nittany Lions batting - Pitching for Oklahoma State University Cowboys : RHP Rich May
|
|
Batting: RHB James Steinmetz
|
0-0: Foul Ball, location: 2F 0-1: Fly out, F9 (Flyball, 89D, EV 91.9 MPH)
|
|
Batting: RHB Joe Strachan
|
0-0: Called Strike 0-1: Fly out, F9 (Line Drive, 9, EV 94.4 MPH)
|
|
Batting: RHB Josh Ebeling
|
0-0: Called Strike 0-1: Ball 1-1: Ball 2-1: Called Strike 2-2: Strikes out swinging
|
| Bottom of the 3rd over - 0 runs, 0 hits, 0 errors, 0 left on base; Oklahoma State University 0 - Pennsylvania State University 0 |
| TOP OF THE 4TH |
|
Oklahoma State University Cowboys batting - Pitching for Pennsylvania State University Nittany Lions : RHP Jeremy Webb
|
|
Pitching: RHP Jamie Galarza
|
|
|
Batting: RHB Simon Gravitt
|
0-0: Ball 1-0: Ball 2-0: Ball 3-0: Called Strike 3-1: Fly out, F6 (Popup, 6MS, EV 71.2 MPH)
|
|
Batting: LHB Dwayne Roche
|
0-0: Ball 1-0: Foul Ball, location: 2F 1-1: Called Strike 1-2: Ball 2-2: Ball 3-2: Foul Ball, location: 2F 3-2: Foul Ball, location: 2F 3-2: Fly out, F7 (Line Drive, 78M, EV 98.8 MPH)
|
|
Batting: LHB Kyle David
|
0-0: Called Strike 0-1: Ball 1-1: Foul Ball, location: 2F 1-2: Foul Ball, location: 2F 1-2: Ball 2-2: Foul Ball, location: 2F 2-2: Ball 3-2: Ground out 5-3 (Groundball, 15, EV 81.2 MPH)
|
| Top of the 4th over - 0 runs, 0 hits, 0 errors, 0 left on base; Oklahoma State University 0 - Pennsylvania State University 0 |
| BOTTOM OF THE 4TH |
|
Pennsylvania State University Nittany Lions batting - Pitching for Oklahoma State University Cowboys : RHP Rich May
|
|
Batting: RHB Rob Hinojosa
|
0-0: Called Strike 0-1: Ball 1-1: Swinging Strike 1-2: Ball 2-2: Ball 3-2: Base on Balls
|
|
Batting: RHB Pete Martin
|
0-0: Ball 1-0: 2-RUN HOME RUN (Flyball, 7D, EV 98.1 MPH), Distance : 405 ft
|
|
Batting: RHB Victor Victorino
|
0-0: Called Strike 0-1: Ground out 6-3 (Groundball, 6S, EV 81.9 MPH)
|
|
Batting: RHB Guy Jock
|
0-0: Ball 1-0: Called Strike 1-1: Foul Ball, location: 2F 1-2: Ball 2-2: Ball 3-2: Foul Ball, location: 2F 3-2: Strikes out swinging
|
|
Batting: LHB Dan Lape
|
0-0: Ball 1-0: Called Strike 1-1: Ball 2-1: Ground out U3 (Groundball, 34, EV 115.6 MPH)
|
| Bottom of the 4th over - 2 runs, 1 hit, 0 errors, 0 left on base; Oklahoma State University 0 - Pennsylvania State University 2 |
| TOP OF THE 5TH |
|
Oklahoma State University Cowboys batting - Pitching for Pennsylvania State University Nittany Lions : RHP Jamie Galarza
|
|
Batting: LHB Cory Rohr
|
0-0: Fly out, F7 (Flyball, 7LS, EV 94.4 MPH)
|
|
Batting: RHB Jon Guzman
|
0-0: Called Strike 0-1: Fly out, F7 (Flyball, 78M, EV 86.2 MPH)
|
|
Batting: RHB Rory Cardosi
|
0-0: Called Strike 0-1: Ball 1-1: Swinging Strike 1-2: Foul Ball, location: 2F 1-2: Ball 2-2: Foul Ball, location: 2F 2-2: Ground out 6-3 (Groundball, P, EV 84.4 MPH)
|
| Top of the 5th over - 0 runs, 0 hits, 0 errors, 0 left on base; Oklahoma State University 0 - Pennsylvania State University 2 |
| BOTTOM OF THE 5TH |
|
Pennsylvania State University Nittany Lions batting - Pitching for Oklahoma State University Cowboys : RHP Rich May
|
|
Batting: RHB Perry Brantley
|
0-0: Foul Ball, location: 2F 0-1: Foul Ball, location: 2F 0-2: Strikes out looking
|
|
Batting: RHB James Steinmetz
|
0-0: Ground out 1-3 (Groundball, 34S, EV 67.5 MPH)
|
|
Batting: RHB Joe Strachan
|
0-0: Fly out, F7 (Flyball, 7LS, EV 89.4 MPH)
|
| Bottom of the 5th over - 0 runs, 0 hits, 0 errors, 0 left on base; Oklahoma State University 0 - Pennsylvania State University 2 |
| TOP OF THE 6TH |
|
Oklahoma State University Cowboys batting - Pitching for Pennsylvania State University Nittany Lions : RHP Jamie Galarza
|
|
Batting: RHB Julio Marquez
|
0-0: Ball 1-0: Ball 2-0: Ball 3-0: Called Strike 3-1: SINGLE (Groundball, 56D, EV 108.1 MPH)
|
|
Pitching: LHP John McDonald
|
|
|
Batting: RHB Bill Tremblett
|
0-0: Ball 1-0: Foul Ball, location: 2F 1-1: Swinging Strike 1-2: Ball 2-2: Strikes out looking
|
|
Batting: LHB Steve Kimbler
|
0-0: Ball 1-0: Ball 2-0: Ball 3-0: Called Strike 3-1: Grounds into double play, 1-6-3 (Groundball, 13S, EV 72.5 MPH)
|
| Top of the 6th over - 0 runs, 1 hit, 0 errors, 0 left on base; Oklahoma State University 0 - Pennsylvania State University 2 |
| BOTTOM OF THE 6TH |
|
Pennsylvania State University Nittany Lions batting - Pitching for Oklahoma State University Cowboys : RHP Rich May
|
|
Batting: RHB Josh Ebeling
|
0-0: Ball 1-0: Called Strike 1-1: Foul Ball, location: 2F 1-2: Ball 2-2: Fly out, F7 (Flyball, 7S, EV 73.1 MPH)
|
|
Batting: RHB Rob Hinojosa
|
0-0: Ground out 5-3 (Groundball, 56, EV 99.4 MPH)
|
|
Batting: RHB Pete Martin
|
0-0: Ball 1-0: Ball 2-0: Ball 3-0: Base on Balls
|
|
Batting: RHB Victor Victorino
|
0-0: Fly out, F8 (Flyball, 8LM, EV 76.9 MPH)
|
| Bottom of the 6th over - 0 runs, 0 hits, 0 errors, 1 left on base; Oklahoma State University 0 - Pennsylvania State University 2 |
| TOP OF THE 7TH |
|
Oklahoma State University Cowboys batting - Pitching for Pennsylvania State University Nittany Lions : LHP John McDonald
|
|
Batting: RHB Simon Gravitt
|
0-0: Fly out, F8 (Flyball, 8LM, EV 91.2 MPH)
|
|
Batting: LHB Dwayne Roche
|
0-0: Ball 1-0: Ball 2-0: Ball 3-0: Base on Balls
|
|
Batting: LHB Kyle David
|
0-0: Foul Ball, location: 2F 0-1: Foul Ball, location: 2F 0-2: Ball 1-2: Ball 2-2: Ball 3-2: Fly out, F8 (Flyball, 78S, EV 95.6 MPH)
|
|
Batting: LHB Cory Rohr
|
0-0: Ball 1-0: Ground out 1-3 (Groundball, 15S, EV 68.8 MPH)
|
| Top of the 7th over - 0 runs, 0 hits, 0 errors, 1 left on base; Oklahoma State University 0 - Pennsylvania State University 2 |
| BOTTOM OF THE 7TH |
|
Pennsylvania State University Nittany Lions batting - Pitching for Oklahoma State University Cowboys : RHP Rich May
|
|
Batting: RHB Guy Jock
|
0-0: SOLO HOME RUN (Flyball, 9D, EV 95.0 MPH), Distance : 368 ft
|
|
Batting: LHB Dan Lape
|
0-0: SINGLE (Flyball, 5D, EV 90.6 MPH)
|
|
Batting: RHB Perry Brantley
|
0-0: Ball 1-0: Ball 2-0: Ball 3-0: Called Strike 3-1: Foul Ball, location: 2F 3-2: Strikes out swinging
|
|
Pitching: RHP Rien Klinkenberg
|
|
|
Batting: RHB James Steinmetz
|
0-0: Ball 1-0: Ball 2-0: Called Strike 2-1: Ball 3-1: Base on Balls Dan Lape to second
|
|
Batting: RHB Joe Strachan
|
0-0: Foul Ball, location: 2F 0-1: Foul Ball, location: 2F 0-2: DOUBLE (Flyball, 89XD, EV 101.2 MPH) Dan Lape scores James Steinmetz to third
|
|
Batting: RHB Josh Ebeling
|
0-0: Ball 1-0: Swinging Strike 1-1: Ball 2-1: Called Strike 2-2: Ball 3-2: Base on Balls
|
|
Batting: RHB Rob Hinojosa
|
0-0: Ball 1-0: Ball 2-0: Grounds into double play, 3-6-3 (Groundball, 3, EV 87.5 MPH)
|
| Bottom of the 7th over - 2 runs, 3 hits, 0 errors, 2 left on base; Oklahoma State University 0 - Pennsylvania State University 4 |
| TOP OF THE 8TH |
|
Oklahoma State University Cowboys batting - Pitching for Pennsylvania State University Nittany Lions : LHP John McDonald
|
|
Pitching: RHP Hector Guzman
|
|
|
Batting: RHB Jon Guzman
|
0-0: Foul Ball, location: 2F 0-1: Fly out, F6 (Popup, 6D, EV 59.4 MPH)
|
|
Pinch Hitting: LHB Jeff Williams
|
0-0: Fly out, F7 (Flyball, 7LM, EV 101.2 MPH)
|
|
Batting: RHB Julio Marquez
|
0-0: Ball 1-0: Called Strike 1-1: Swinging Strike 1-2: Ball 2-2: Strikes out swinging
|
| Top of the 8th over - 0 runs, 0 hits, 0 errors, 0 left on base; Oklahoma State University 0 - Pennsylvania State University 4 |
| BOTTOM OF THE 8TH |
|
Pennsylvania State University Nittany Lions batting - Pitching for Oklahoma State University Cowboys : RHP Rien Klinkenberg
|
|
Pitching: RHP Brendan Best
|
|
|
Now at 3B: Magnus Laursen
|
|
|
Now at SS: Julio Marquez
|
|
|
Batting: RHB Pete Martin
|
0-0: Called Strike 0-1: Ground out 6-3 (Groundball, 56, EV 87.5 MPH)
|
|
Batting: RHB Victor Victorino
|
0-0: Foul Ball, location: 2F 0-1: Ball 1-1: Foul Ball, location: 2F 1-2: Ball 2-2: Fly out, F8 (Flyball, 8LM, EV 79.4 MPH)
|
|
Batting: RHB Guy Jock
|
0-0: Swinging Strike 0-1: Ground out 3-1 (Groundball, 34S, EV 93.1 MPH)
|
| Bottom of the 8th over - 0 runs, 0 hits, 0 errors, 0 left on base; Oklahoma State University 0 - Pennsylvania State University 4 |
| TOP OF THE 9TH |
|
Oklahoma State University Cowboys batting - Pitching for Pennsylvania State University Nittany Lions : RHP Hector Guzman
|
|
Batting: RHB Bill Tremblett
|
0-0: SINGLE (Line Drive, 4D, EV 104.4 MPH)
|
|
Batting: LHB Steve Kimbler
|
0-0: Called Strike 0-1: Fly out, F4 (Popup, 4, EV 60.0 MPH)
|
|
Batting: RHB Simon Gravitt
|
0-0: Ball 1-0: Foul Ball, location: 2F 1-1: Ball 2-1: Ball 3-1: Fly out, F8 (Line Drive, 8LD, EV 98.1 MPH)
|
|
Batting: LHB Dwayne Roche
|
0-0: Called Strike 0-1: Foul Ball, location: 2F 0-2: Strikes out swinging
|
| Top of the 9th over - 0 runs, 1 hit, 0 errors, 1 left on base; Oklahoma State University 0 - Pennsylvania State University 4 |
|